Map: Site Delta LE

Players

AmonGus - Winner!

  • Race: Zerg Zerg
  • Spawn Location: 5:00

VOD

Have the link to the VOD?

Description

Time

  • Played on: Jan. 17, 2024, 7:56 a.m.
  • Length: 25:34
Show
View Real Time Build Order
Export as new Build Order

AmonGus Zerg - Winner!

Build Orders:  

Get SALT Encoding   

  12  0:01  Drone  
  13  0:18  Overlord  
  13  0:24  Drone  
  14  0:36  Extractor, Drone  
  14  0:43  Drone  
  15  0:55  Drone  
  16  1:05  Drone  
  17  1:22  Drone  
  18  1:35  Drone  
  19  2:02  Hatchery  
  18  2:16  Drone x2  
  20  2:20  Drone  
  21  2:38  Spawning Pool  
  21  2:39  Drone  
  22  3:00  Overlord  
  22  3:07  Hatchery  
  21  3:17  Drone  
  22  3:29  Drone  
  23  3:34  Drone  
  24  3:43  Queen  
  26  3:52  Extractor, Drone  
  26  4:08  Overlord  
  26  4:18  Evolution Chamber  
  25  4:22  Drone  
  25  4:23  Roach Warren  
  25  4:33  Queen  
  25  4:37  Drone  
  28  4:52  Drone  
  28  4:53  Drone  
  30  5:07  Drone, Lair  
  31  5:10  Drone  
  32  5:23  Queen  
  32  5:26  Overlord x2  
  32  5:28  Roach x2  
  32  5:29  Roach  
  40  5:38  Roach  
  42  5:56  Zerg Missile Weapons Level 1  
  42  6:05  Drone x3  
  42  6:09  Roach  
  47  6:18  Glial Reconstitution  
  47  6:20  Roach x4  
  47  6:21  Roach  
  47  6:28  Roach  
  59  6:31  Overlord  
  59  6:32  Overlord  
  59  6:33  Drone  
  60  6:40  Extractor  
  60  6:41  Drone  
  60  7:06  Zergling x8  
  64  7:10  Drone  
  64  7:11  Drone x3  
  64  7:12  Drone  
  64  7:14  Drone  
  70  7:25  Queen  
  72  7:31  Roach  
  72  7:32  Roach  
  76  7:44  Overlord  
  76  7:46  Drone x2  
  76  7:47  Drone  
  71  7:56  Drone x2  
  69  8:05  Drone  
  69  8:06  Drone x2  
  66  8:15  Overlord  
  66  8:17  Hatchery  
  66  8:19  Roach x2  
  65  8:54  Baneling Nest  
  64  9:12  Evolution Chamber, Spire  
  64  9:14  Spine Crawler  
  64  9:17  Spore Crawler  
  60  9:39  Drone x4  
  59  9:40  Drone x3  
  64  9:41  Drone x3  
  64  9:42  Drone x2  
  72  9:50  Extractor x2, Overlord x3  
  72  9:53  Roach  
  72  10:07  Zergling x4  
  74  10:23  Hydralisk Den  
  74  10:25  Roach x3  
  82  10:34  Drone  
  82  10:35  Drone x3  
  86  10:44  Queen  
  86  10:49  Queen  
  90  11:06  Queen  
  92  11:21  Roach x2  
  92  11:22  Roach  
  92  11:26  Zerg Flyer Armor Level 1  
  98  11:36  Infestation Pit, Hydralisk x4  
  98  11:37  Hydralisk x4  
  98  11:39  Overlord  
  113  11:40  Overlord x2  
  113  11:56  Mutalisk x3  
  119  12:15  Mutalisk  
  121  12:31  Lurker Den  
  120  12:43  Unknown  
  120  12:52  Mutalisk  
  120  12:53  Mutalisk  
  124  13:14  Hatchery  
  124  13:16  Corruptor  
  124  13:17  Corruptor  
  127  13:28  Hatchery  
  94  14:07  Hive, Corruptor x4  
  102  14:10  Zergling x8  
  102  14:11  Zergling x14  
  113  14:48  Overlord  
  113  14:50  Drone x6  
  113  14:59  Queen  
  121  15:15  Drone  
  121  15:18  Drone x9  
  121  15:19  Drone x5  
  136  15:32  Greater Spire  
  136  15:44  Spire  
  136  15:47  Corruptor x3  
  136  15:48  Corruptor x3  
  136  15:49  Queen  
  149  15:50  Hydralisk  
  151  16:12  Extractor  
  151  16:16  Extractor  
  151  16:19  Extractor, Drone  
  149  16:20  Drone x3  
  149  16:21  Extractor  
  149  16:22  Drone x2  
  153  16:36  Drone x3  
  153  16:39  Queen  
  158  16:41  Drone x3  
  158  16:44  Drone x5  
  166  17:06  Overlord x5  
  166  17:30  Overlord x3  
  166  17:31  Queen  
  166  17:35  Zergling x10  
  166  17:36  Zergling x6  
  166  17:37  Zergling x2  
  177  17:43  Mutalisk x2  
  177  17:44  Mutalisk x5  
  177  17:45  Mutalisk x2  
  177  17:49  Zerg Flyer Weapons Level 1  
  195  17:50  Zerg Flyer Armor Level 2  
  195  17:53  Brood Lord x2  
  193  18:03  Drone  
  193  18:06  Drone  
  193  18:07  Drone  
  183  18:11  Drone x3  
  183  18:12  Drone x2  
  178  18:21  Queen  
  126  19:06  Drone  
  126  19:07  Drone x2  
  129  19:11  Roach x9  
  129  19:16  Brood Lord x4  
  129  19:17  Brood Lord x2  
  151  19:31  Drone x2  
  151  19:32  Drone x2  
  139  20:04  Corruptor x3  
  139  20:05  Corruptor x5  
  153  20:29  Extractor  
  152  20:33  Zerg Missile Weapons Level 2  
  152  20:34  Hatchery  
  152  20:35  Zerg Ground Armor Level 1  
  152  20:39  Zerg Flyer Weapons Level 2  
  151  20:41  Extractor  
  151  20:45  Mutalisk  
  151  20:48  Drone  
  151  20:49  Drone x4  
  157  20:51  Drone  
  158  21:09  Corruptor x3  
  164  21:38  Drone x2  
  164  21:39  Drone x4  
  164  22:08  Hatchery  
  159  22:23  Drone x2  
  159  22:24  Drone x2  
  163  22:45  Corruptor x10  
  163  22:47  Extractor x2  
  179  23:12  Hydralisk x3  
  179  23:13  Hydralisk x6  
  179  23:19  Drone x2  
  194  23:22  Drone  
  187  23:40  Drone x2, Hatchery  
  187  23:41  Drone x3  
  187  23:42  Drone x2  
  193  23:52  Queen  
  193  23:55  Queen  
  195  24:25  Drone  
  195  24:26  Drone x2  
  195  24:29  Drone x2  
  200  25:10  Extractor  
  200  25:15  Extractor  
Tags
 
Add a new tag
Caveats
  • Supply blocks, unpowered buildings, or Contaminate may cause inaccurate times.
  • Supply counts are checked every 10 seconds.